 Dungeon Crawl Stone Soup version 0.27.1-33-g824d729ab1 (webtiles) character file.

Game seed: 5889376051632373335

654 Tirrikindir the Slasher (level 7, 0/48 HPs)
             Began as an Octopode Fighter on Dec 25, 2021.
             Was a Believer of Sif Muna.
             Slain by an orc (5 damage)
             ... on level 4 of the Dungeon.
             The game lasted 00:10:53 (4851 turns).

Tirrikindir the Slasher (Octopode Fighter)          Turns: 4851, Time: 00:10:54

Health: 0/48       AC:  5    Str: 15    XL:     7   Next: 54%
Magic:  8/8        EV: 12    Int: 12    God:    Sif Muna [**....]
Gold:   224        SH:  9    Dex: 12    Spells: 4/7 levels left

rFire    . . .     SeeInvis .   a - +0 long sword
rCold    . . .     Faith    .   b - +0 kite shield
rNeg     . . .     Spirit   .   (helmet restricted)
rPois    .         Reflect  .   f - amulet of magic regeneration
rElec    .         Harm     .   j - +4 ring of protection
rCorr    .         Rampage  .   (no ring)
Will     .....                  (no ring)
Stlth    ++........             (no ring)
HPRegen  0.16/turn              (no ring)
MPRegen  0.36/turn              (no ring)
                                (no ring)
                                (no ring)

@: silenced
A: almost no armour, amphibious, 8 rings, camouflage 1, gelatinous body 1,
(nimble swimmer 1), tentacles
a: Renounce Religion


You were on level 4 of the Dungeon.
You worshipped Sif Muna.
Sif Muna was pleased with you.
You visited 1 branch of the dungeon, and saw 7 of its levels.

You collected 235 gold pieces.
You spent 11 gold pieces at shops.

Inventory:

Hand Weapons
 a - a +0 long sword (weapon)
 e - a +3 dagger
Armour
 b - a +0 kite shield (worn)
Jewellery
 f - an amulet of magic regeneration (around mantle)
 j - a +4 ring of protection (left tentacle)
Wands
 d - a wand of acid (12)
 k - a wand of flame (26)
Scrolls
 g - a scroll of vulnerability
 l - a scroll of enchant armour {unknown}
Potions
 c - a potion of might


   Skills:
 - Level 4.0 Fighting
 * Level 5.2 Long Blades
 - Level 4.0 Dodging
 + Level 4.1 Stealth
 - Level 4.0 Shields
 + Level 0.7 Spellcasting
 + Level 0.7 Summonings
 + Level 2.2 Invocations


You had 4 spell levels left.
You knew the following spells:

 Your Spells              Type           Power      Damage    Failure   Level
a - Summon Guardian Gole  Hex/Summ       1%         N/A       97%         3

Your spell library contained the following spells:

 Spells                   Type           Power      Damage    Failure   Level
 Portal Projectile        Hex/Tloc       0%         N/A       98%         3
 Blade Hands              Tmut           0%         N/A       100%        5
 Excruciating Wounds      Necr           0%         N/A       100%        5
 Orb of Destruction       Conj           0%         N/A       100%        7
 Spellforged Servitor     Conj/Summ      0%         N/A       100%        7


Dungeon Overview and Level Annotations

Branches:
Dungeon (7/15)
 Temple: D:4-7

Altars:
Gozag
Makhleb
Nemelex Xobeh
Sif Muna
Vehumet
Zin
Lugonu

Shops:
D:1 *   D:5 (

Portals:
Abyss: D:1


Innate Abilities, Weirdness & Mutations

You cannot wear most types of armour.
You are amphibious.
You can wear up to eight rings at the same time.
Your skin changes colour to match your surroundings (Stealth+).
Your rubbery body absorbs attacks. (AC +1, EV +1)
((You are camouflaged near water. (Stealth+)))
You have tentacles for arms and can constrict up to eight enemies at once.


Message History

Sif Muna accepts your kill.
An orc priest comes into view. It is wielding a +0 hand axe.
You closely miss the iguana. You grab the iguana.
You constrict the iguana, but do no damage.
An orc priest comes into view. It is wielding a +0 falchion.
The iguana bites you.
The orc priest shouts!
You hit the iguana.
The iguana is moderately wounded.
You constrict the iguana. The iguana barely misses you.
You riposte.
Your shield prevents you from hitting the iguana.
Your squeeze misses the iguana.
The iguana is heavily wounded.
A scorpion comes into view.
An orc comes into view. It is wielding a +0 hand axe.
The orc priest looks braver for a moment.
The orc priest calls down the wrath of Beogh upon you.
Beogh smites you!
The orc wizard gestures at you while chanting.
The magic dart hits you! You block the iguana's attack.
Something shouts, "Remove thy stench, thou paunchy milk-livered prigger-of-prances!"
You release your grip on the iguana.
The orc priest looks satisfied for a moment.
There is a stone staircase leading up here.
The orc misses you. You block the wyvern skeleton's attack.
The orc wizard points at you and mumbles some strange words.
The puff of flame hits you!
* * * LOW HITPOINT WARNING * * *
The iguana closely misses you.
You riposte.
The orc shouts!
You hit the iguana. You grab the iguana.
The iguana is severely wounded.
You hear an angry hiss.
You lose your grip on the iguana.
You climb upwards.
There is a stone staircase leading down here.
Okay, then.
As you read the scroll labelled PUEXENT GOTAMU, it crumbles to dust.
A profound silence engulfs you.
It was a scroll of silence.
The orc hits you with a +2 mace of holy wrath.
You die...

...# ########### ...# #..........
..^### #############.#####.###
.....# #.......)............#
#.##.# #.#######..##.#####.##
..##.######.## #..##.#####.#
.............######...........###
..##............o....#...........
#.######.......o@.......#####.###
#.# #..........#######..# #.# #.#
#.##.......## #..# ##.# # #.#
#.#....[....# #..####..# # #.#
#.##.......## #........###
..###.###.....## #.####...##2
.............## #.# #.#.###
.####.#####..# #.# #.#.# # ..#
#.# ##.# #.## #.#.# #


You could see an orc wizard and an orc.

Vanquished Creatures
  A hornet zombie (D:5)
  A black bear (D:4)
  An ogre (D:6)
  A water moccasin zombie (D:5)
  A hound (D:5)
  A jelly (D:5)
  An orc priest (D:3)
  An iguana (D:4)
  2 orc wizards
  7 adders
  An ufetubus (D:5)
  3 dart slugs
  13 orcs
  11 ball pythons
  3 bats (D:1)
  6 endoplasms
  3 giant cockroaches
  8 hobgoblins
  3 jackals
  A quokka (D:2)
  4 frilled lizards
  6 goblins
  12 kobolds
  9 rats
100 creatures vanquished.

Notes
Turn   | Place    | Note
-------+----------+-------------------------------------------
     0 | D:1      | Tirrikindir the Octopode Fighter began the quest for the
                  | Orb.
     0 | D:1      | Reached XP level 1. HP: 16/16 MP: 1/1
   216 | D:1      | Reached XP level 2. HP: 21/21 MP: 2/2
   247 | D:1      | Found a one-way gate to the infinite horrors of the Abyss.
   247 | D:1      | Found a corrupted altar of Lugonu.
   247 | D:1      | Noticed a demonic crawler
   247 | D:1      | Noticed a demonic crawler
   247 | D:1      | Noticed a demonic crawler
   253 | D:1      | Noticed a demonic crawler
   317 | D:1      | Reached skill level 1 in Stealth
   345 | D:1      | Found Ogaaz's General Store.
   349 | D:1      | Bought a potion of degeneration for 11 gold pieces
   466 | D:1      | Found a faded altar of an unknown god.
   484 | D:1      | Became a worshipper of Sif Muna the Loreminder
   484 | D:1      | Reached * piety under Sif Muna
   535 | D:1      | Reached XP level 3. HP: 23/26 MP: 3/3
  1259 | D:2      | Reached skill level 3 in Long Blades
  1605 | D:2      | Found a sparkling altar of Nemelex Xobeh.
  1611 | D:2      | Reached XP level 4. HP: 31/31 MP: 4/4
  1653 | D:2      | Reached ** piety under Sif Muna
  2299 | D:3      | Reached XP level 5. HP: 25/36 MP: 5/5
  2796 | D:3      | Found an opulent altar of Gozag.
  3630 | D:4      | You fall into a shaft and drop 3 floors!
  3648 | D:6      | Noticed an ogre
  3654 | D:6      | Killed an ogre
  3655 | D:6      | Reached skill level 4 in Long Blades
  3655 | D:6      | Reached XP level 6. HP: 43/43 MP: 6/6
  3694 | D:5      | Entered Level 5 of the Dungeon
  3829 | D:5      | Found Vynepn's Antique Weapon Shoppe.
  3841 | D:5      | Reached skill level 1 in Invocations
  3846 | D:5      | Reached XP level 7. HP: 27/48 MP: 6/8
  4213 | D:4      | Found a burning altar of Makhleb.
  4215 | D:4      | Noticed a cacodemon
  4216 | D:4      | Found a glowing silver altar of Zin.
  4216 | D:4      | Noticed an angel
  4481 | D:4      | Found a radiant altar of Vehumet.
  4593 | D:4      | Learned a level 3 spell: Summon Guardian Golem
  4620 | D:4      | Reached skill level 5 in Long Blades
  4851 | D:4      | Slain by an orc

Illustrated notes

Levels and vault maps discovered:
D:1:      erik_arrival_cave_to_civilisation [erik_arrival_cave_to_temple],
          layout_rooms, serial_shops, shop_statue,
          hellmonk_ecumenical_altar_arch_garden
D:2:      cheibrodos_helix_gallery, layout_basic, basic_altar
D:3:      minmay_recursive_quarters, layout_loops_corners,
          nicolae_gozag_cash_rules_everything_around_me
D:4:      layout_loops_ring, grunt_temple_overflow_order_and_chaos_2,
          vehumet_altar_wand_db
D:5:      layout_cave_pools, minitemple, minmay_temple_entry_fiery,
          serial_shops, shop, kennysheep_mini_moat, nicolae_shop_crystal,
          guppyfry_shop_venom
D:6:      layout_loops_ring, uniq_sigmund
D:7:      minmay_opposing_rooms, layout_basic, serial_curves, eino_curves_04,
          eino_curves_03, nicolae_specific_store, uniq_joseph

Skill      XL: |  1  2  3  4  5  6  7 |
---------------+----------------------+-----
Stealth        | 1 2 3 4 |  4.1
Long Blades    | 3 4 5 |  5.2
Dodging        | 4 |  4.0
Invocations    | 1 2 |  2.2
Fighting       | 4 |  4.0
Shields        | 4 |  4.0
Spellcasting   | |  0.7
Summonings     | |  0.7

Action                   |  1- 3 |  4- 6 |  7- 9 || total
-------------------------+-------+-------+-------++-------
Melee: Long sword        |    59 |    80 |    51 ||   190
       Constrict         |    18 |    24 |     9 ||    51
       Tentacles         |    14 |    22 |    12 ||    48
  Use: Scroll            |     2 |     2 |     3 ||     7
       Potion            |       |     2 |       ||     2
 Stab: Sleeping          |     8 |     6 |     8 ||    22
Armor: Skin              |     3 |     7 |    20 ||    30
Dodge: Dodged            |    26 |    37 |    17 ||    80
Block: Kite shield       |    28 |    37 |    23 ||    88
       Rpst.: Long sword |     8 |    10 |     6 ||    24
